 Dungeon Crawl Stone Soup version 0.24-a0-584-g9d6b971ae4 (webtiles) character file.

Game seed: 12075903925995235924, levelgen mode: deterministic

70 Mithandil the Skirmisher (level 4, -3/35 HPs)
             Began as a Demonspawn Abyssal Knight on Sept 4, 2019.
             Was a Believer of Lugonu.
             Slain by Sigmund
             ... wielding a +0 scythe
              (10 damage)
             ... on level 3 of the Dungeon.
             The game lasted 00:05:19 (745 turns).

Mithandil the Skirmisher (Demonspawn Abyssal Knight) Turns: 745, Time: 00:05:19

Health: -3/35      AC:  4    Str: 14    XL:     4   Next: 3%
Magic:  5/5        EV: 11    Int: 13    God:    Lugonu [**....]
Gold:   45         SH:  0    Dex: 12    Spells: 3/3 levels left

rFire    . . .     SeeInvis .   b - +2 hand axe (chop)
rCold    . . .     Gourm    .   (no shield)
rNeg     . . .     Faith    .   l - +0 leather armour
rPois    .         Spirit   .   (no helmet)
rElec    .         Reflect  .   h - +0 cloak
rCorr    .         Harm     .   (no gloves)
MR       .....                  (no boots)
Stlth    +.........             (no amulet)
HPRegen  0.11/turn              (no ring)
MPRegen  0.09/turn              (no ring)

@: berserk cooldown
A: talons 1, powered by death 1, spiny 1
a: Depart the Abyss, Bend Space, Renounce Religion


You were on level 3 of the Dungeon.
You worshipped Lugonu.
Lugonu was pleased with you.
You were not hungry.

You visited 1 branch of the dungeon, and saw 3 of its levels.
You visited the Abyss 1 time.

You collected 45 gold pieces.

Inventory:

Hand Weapons
 a - a +1 falchion
 b - a +2 hand axe of chopping (weapon)
 j - a +0 hunting sling
 n - a +0 spear
Missiles
 d - 27 bolts
 e - 67 stones (quivered)
 i - 98 arrows
Armour
 h - a +0 cloak (worn)
 l - a +0 leather armour (worn)
Scrolls
 g - 2 scrolls of fog
Potions
 k - a potion of heal wounds
 m - 2 potions of curing
Comestibles
 c - 3 rations
 f - 5 chunks of flesh


   Skills:
 + Level 3.2 Fighting
 * Level 2.9 Long Blades
 * Level 0.2 Axes
 + Level 2.0 Armour
 + Level 1.0 Dodging
 * Level 0.6 Stealth
 * Level 1.1 Unarmed Combat
 + Level 2.5 Invocations


You had 3 spell levels left.
You didn't know any spells.
Your spell library was empty.

Dungeon Overview and Level Annotations

Branches:
Dungeon (3/15)

Altars:

Annotations:
D:3 Sigmund


Innate Abilities, Weirdness & Mutations

You have sharp toenails.
You regenerate a little health from kills.
You are partially covered in sharp spines.


Message History

Sigmund hits you with a +0 scythe.
You closely miss Sigmund.
Sigmund is moderately wounded.
Sigmund points at you and mumbles some strange words.
The puff of flame misses you.
You barely miss Sigmund.
Sigmund is moderately wounded.
Sigmund gestures at you while chanting.
You are confused.
Sigmund casts a spell at you. The puff of flame hits you!
Sigmund barely misses you.
You feel yourself speed up. Sigmund barely misses you.
Sigmund hits you from afar with a +0 scythe!
* * * LOW HITPOINT WARNING * * *
You bump into the rock wall.
Sigmund misses you.
You feel less confused. Sigmund hits you with a +0 scythe!
You die...

#.# #.# #.# ######.#
###.#####......# .
#..<......###### ..
##.#####..#######...
#>....................!
#..##[######...$.......
#. #.# #....@......$..
# #.# #.####@......(.
#.# # ..<#....... ..#
#..$.#.##.##. ...
......... ...
#####..#..# ### #.#####
#.


You could see Sigmund.

Vanquished Creatures
  2 adders
  2 dart slugs
  3 leopard geckos
  9 goblins
  3 hobgoblins
  2 jackals (D:1)
  5 kobolds (D:1)
  8 bats
  3 frilled lizards (D:1)
  5 rats
42 creatures vanquished.

Notes
Turn   | Place    | Note
-------+----------+-------------------------------------------
     0 | Abyss:1  | Mithandil the Demonspawn Abyssal Knight began the quest for
                  | the Orb.
     0 | Abyss:1  | Reached XP level 1. HP: 18/18 MP: 2/2
     2 | Abyss:1  | Found a corrupted altar of Lugonu.
    45 | Abyss:1  | Noticed a starcursed mass
    46 | D:1      | Escaped the Abyss
   150 | D:1      | Reached * piety under Lugonu
   151 | D:1      | Gained mutation: You regenerate a little health from kills.
                  | [demonic ancestry]
   151 | D:1      | Reached XP level 2. HP: 9/24 MP: 3/3
   403 | D:1      | Gained mutation: You are partially covered in sharp spines.
                  | [demonic ancestry]
   403 | D:1      | Reached XP level 3. HP: 29/29 MP: 4/4
   617 | D:2      | Reached skill level 1 in Unarmed Combat
   660 | D:2      | Reached ** piety under Lugonu
   664 | D:2      | Reached skill level 1 in Dodging
   721 | D:3      | Gained mutation: You have sharp toenails. [demonic
                  | ancestry]
   721 | D:3      | Reached XP level 4. HP: 28/35 MP: 5/5
   733 | D:3      | Noticed Sigmund
   745 | D:3      | Slain by Sigmund

Levels and vault maps discovered:
D:1:      dpeg_arrival_lava_temple_mockup, layout_rooms, minmay_pentomino_u4
D:2:      layout_loops_ring, lemuel_crystal_altar, first_ration, uniq_terence
D:3:      layout_basic, minitemple, chequers_ecumenical_altar_lobes,
          nicolae_ru_sacrificial_ziggurat, uniq_sigmund

Skill      XL: |  1  2  3 |
---------------+----------+-----
Long Blades    | 2 |  2.9
Armour         | 2 |  2.0
Unarmed Combat | 1 |  1.1
Dodging        | 1 |  1.0
Fighting       | |  3.2
Axes           | |  0.2
Stealth        | |  0.6
Invocations    | |  2.5

Action                   |  1- 3 |  4- 6 || total
-------------------------+-------+-------++-------
Melee: Falchion          |    51 |       ||    51
       Hand axe          |    28 |     4 ||    32
Invok: Depart the Abyss  |     1 |       ||     1
  Use: Scroll            |     5 |       ||     5
       Potion            |     5 |       ||     5
 Stab: Sleeping          |     1 |       ||     1
Armor: Leather armour    |    36 |     2 ||    38
Dodge: Dodged            |    64 |     4 ||    68
       Rpst.: Falchion   |    18 |       ||    18

Table legend:
 A = Non-vault XP
 B = Vault XP
 C = Vault XP percentage of total XP
 D = Non-vault monster count
 E = Vault monster count
 F = Vault count percentage of total count
                 A         B        C        D         E       F
            +---------+---------+-------+---------+---------+-------
      Total |      96 |       4 |   4.0 |      39 |       3 |   7.1
            +---------+---------+-------+---------+---------+-------
        D:1 |      48 |       4 |   7.7 |      26 |       3 |  10.3
        D:2 |      35 |       0 |   0.0 |      12 |       0 |   0.0
        D:3 |      13 |       0 |   0.0 |       1 |       0 |   0.0
            +---------+---------+-------+---------+---------+-------
